 Dungeon Crawl Stone Soup version 0.25.0-1-g7eea58d2a3 (webtiles) character file.

Game seed: 9642552950011627763

261 repard the Cutter (level 6, 0/51 HPs)
             Began as a Ghoul Gladiator on June 14, 2020.
             Slain by an iguana (6 damage)
             ... on level 4 of the Dungeon.
             The game lasted 00:26:06 (2516 turns).

repard the Cutter (Ghoul Gladiator)                 Turns: 2516, Time: 00:26:07

Health: 0/51       AC:  7    Str: 20    XL:     6   Next: 18%
Magic:  5/5        EV: 12    Int:  3    God:
Gold:   138        SH:  0    Dex: 10    Spells: 5/5 levels left

rFire    . . .     SeeInvis .   e - +4 dagger (venom)
rCold    + . .     Gourm    .   (no shield)
rNeg     + + +     Faith    .   h - +0 ring mail
rPois    ∞         Spirit   .   c - +1 helmet
rElec    .         Reflect  .   (no cloak)
rCorr    .         Harm     .   (no gloves)
MR       .....                  (no boots)
Stlth    +.........             (no amulet)
HPRegen  0.00/turn              (no ring)
MPRegen  0.09/turn              (no ring)

@: rotting
A: rotting body, claws 1, carnivore, cold resistance 1, negative energy
resistance 3, inhibited regeneration, torment resistance, unbreathing
a: no special abilities


You were on level 4 of the Dungeon.
You were not hungry.

You visited 1 branch of the dungeon, and saw 4 of its levels.

You collected 138 gold pieces.

Inventory:

Hand Weapons
 e - a +4 dagger of venom (weapon)
Missiles
 d - 3 throwing nets (quivered)
Armour
 c - a +1 helmet (worn)
 h - a +0 ring mail (worn)
Scrolls
 f - a scroll of identify
 g - a scroll of remove curse
Comestibles
 a - a chunk of flesh
 j - a ration


   Skills:
 + Level 3.3 Fighting
 + Level 4.2 Short Blades
 + Level 1.9 Throwing
 + Level 2.3 Armour
 + Level 3.6 Dodging
 + Level 0.4 Stealth


You had 5 spell levels left.
You didn't know any spells.
Your spell library was empty.

Dungeon Overview and Level Annotations

Branches:
Dungeon (4/15)
 Temple: D:4-7

Altars:
Cheibriados
Okawaru


Innate Abilities, Weirdness & Mutations

Your body is rotting away.
You thrive on raw meat.
You are immune to poison.
You have sharp fingernails.
You are carnivorous and can eat meat at any time.
Your flesh is cold resistant. (rC+)
You are immune to negative energy. (rN+++)
You do not regenerate when monsters are visible.
You are immune to unholy pain and torment.
You can survive without breathing.


Message History

The iron imp disappears in a puff of smoke!
Your Short Blades skill increases to level 4!
Your Armour skill increases to level 2!
You have reached level 6!
Your experience leads to an increase in your attributes!
Increase (S)trength, (I)ntelligence, or (D)exterity?
Uppercase letters only, please.
You feel stronger.
You feel a bit more experienced.
Found 2 inky potions.
You eat one of the 3 rations.
That ration really hit the spot!
Found a snail-covered altar of Cheibriados.
Found 13 gold pieces.
You see here 2 inky potions.
You eat one of the 2 rations.
That ration really hit the spot!
The hound closely misses you.
You hit the hound.
The hound is poisoned.
The hound is moderately wounded.
The hound misses you. The iguana bites you.
You die...

##._..#............
#.....##..........
#.....#..........
#$........#.....##
#.......##......####
##...#.##.##.......
#####..l....#..........
#.....@h..............#
.........#..####.......#
##.##.......# #§§§.....
#.#.#....# #.l..§...
#...#...####.†@.#...
......#.# #.........
.......#...#.........
..#.....#.#.......#.##
#.......#..#


You could see an iguana and a hound (very poisoned).

Vanquished Creatures
  Eustachio (D:4)
  A worker ant (D:4)
  5 adders
  A worm (D:2)
  A dart slug (D:3)
  2 leopard geckos (D:1)
  An orc (D:3)
  4 giant cockroaches
  6 goblins
  7 hobgoblins
  8 jackals (D:1)
  A ball python (D:3)
  3 bats
  A frilled lizard (D:4)
  6 kobolds
  3 rats
51 creatures vanquished.

Notes
Turn   | Place    | Note
-------+----------+-------------------------------------------
     0 | D:1      | repard the Ghoul Gladiator began the quest for the Orb.
     0 | D:1      | Reached XP level 1. HP: 17/17 MP: 0/0
    96 | D:1      | Reached skill level 3 in Short Blades
    96 | D:1      | Reached XP level 2. HP: 24/24 MP: 1/1
   837 | D:1      | Reached XP level 3. HP: 29/29 MP: 2/2
  2010 | D:2      | Reached XP level 4. HP: 28/36 MP: 3/3
  2119 | D:3      | Reached skill level 1 in Armour
  2390 | D:3      | Found an iron altar of Okawaru.
  2473 | D:4      | Noticed Eustachio
  2484 | D:4      | Reached XP level 5. HP: 40/45 MP: 4/4
  2506 | D:4      | Killed Eustachio
  2506 | D:4      | Reached skill level 4 in Short Blades
  2506 | D:4      | Reached XP level 6. HP: 6/51 MP: 5/5
  2508 | D:4      | Found a snail-covered altar of Cheibriados.
  2516 | D:4      | Slain by an iguana

Illustrated notes

Levels and vault maps discovered:
D:1:      minmay_arrival_wavy_path, layout_basic
D:2:      layout_loops_corners, lemuel_old_faithful
D:3:      layout_loops_corners, okawaru_metal_pillars_1_2,
          chequers_ecumenical_altar_island
D:4:      layout_cave_pools, first_ration, grunt_ministairs_8,
          cheibriados_altar_1, uniq_duvessa, uniq_eustachio

Skill      XL: |  1  2  3  4  5 |
---------------+----------------+-----
Short Blades   | 3 4 |  4.2
Dodging        | 3 |  3.6
Armour         | 1 2 |  2.3
Fighting       | 3 |  3.3
Throwing       | |  1.9
Stealth        | |  0.4

Action                   |  1- 3 |  4- 6 || total
-------------------------+-------+-------++-------
Melee: Rapier            |    55 |       ||    55
       Spear             |     8 |       ||     8
       Dagger            |    41 |    58 ||    99
  Use: Potion            |     3 |     1 ||     4
       Scroll            |     5 |     1 ||     6
  Eat: Chunk             |     5 |     1 ||     6
       Ration            |     2 |     2 ||     4
Armor: Leather armour    |    22 |       ||    22
       Ring mail         |    12 |    30 ||    42
Dodge: Dodged            |    79 |    44 ||   123
